AoeStats
← Fireworks

African Clearing

510765084Analyzed
4v4 RM · 18h ago on Oct 2, 2026· 54m 58s· 8 players
Game mode
Random Map
Map size
Large (8 player)
Population
200
Speed
Normal
Resources
Standard
Victory
Conquest
Starting age
Dark Age
Ending age
Imperial Age
RankedLock teamsTeams togetherTeam positionsShared explorationLock speedFull tech treeHidden civsTurbo modeCheats
Victory
Defeat
🇨🇳 Franks · China
1546
+12
🇨🇳 Armenians · China
1460
+16
🇨🇳 Italians · China
1425
+17
🇨🇳 Vietnamese · China
1268
+23
🇦🇷 Chinese · Argentina
1504
-19
🇭🇰 Spanish · Hong Kong SAR China
1476
-18
🇻🇳 Mongols · Vietnam
1437
-17
🇹🇼 Mongols · Taiwan
1383
-14
shogun
2:53 Loom
12:56 Feudal Age
14:40 Double-Bit Axe
15:33 Forging
15:29 Scale Barding Armor
16:15 Wheelbarrow
23:12 Castle Age
22:23 Gold Mining
22:33 Stone Mining
23:06 Horse Collar
24:31 Bloodlines
24:48 Heavy Plow
25:16 Bow Saw
31:56 Stone Shaft Mining
31:42 Fletching
31:53 Padded Archer Armor
33:09 Hand Cart
33:05 Husbandry
34:08 Leather Archer Armor
34:30 Bodkin Arrow
36:07 Chain Barding Armor
36:14 Ballistics
36:04 Masonry
39:32 Gold Shaft Mining
41:34 Imperial Age
39:57 Iron Casting
38:46 Light Cavalry
41:55 Elite Mangudai
43:00 Conscription
42:41 Bracer
43:43 Chemistry
42:53 Nomads
45:29 Blast Furnace
44:05 Heavy Camel Rider
No_English
10:41 Loom
13:17 Feudal Age
17:36 Castle Age
16:02 Double-Bit Axe
16:16 Horse Collar
19:17 Bow Saw
30:40 Wheelbarrow
33:29 Heavy Plow
36:22 Town Watch
38:23 Hand Cart
38:35 Gold Mining
38:59 Fletching
39:44 Bodkin Arrow
41:30 Padded Archer Armor
41:55 Ballistics
42:27 Stone Mining
43:13 Gold Shaft Mining
43:47 Stone Shaft Mining
45:51 Imperial Age
46:40 Stone Shaft Mining
46:37 Thumb Ring
46:15 Capped Ram
47:51 Elite Mangudai
48:59 Bracer
49:54 Conscription
50:37 Chemistry
50:28 Bloodlines
50:36 Husbandry
52:24 Leather Archer Armor
54:05 Light Cavalry
54:52 Scale Barding Armor
ELCOCHINOTE
3:10 Loom
13:08 Feudal Age
17:58 Castle Age
20:21 Fletching
21:16 Bodkin Arrow
24:17 Padded Archer Armor
29:05 Double-Bit Axe
36:53 Imperial Age
34:19 Horse Collar
35:17 Scale Barding Armor
35:33 Forging
36:28 Chain Barding Armor
36:56 Bloodlines
36:46 Husbandry
37:06 Gold Mining
36:55 Cavalier
38:26 Plate Barding Armor
39:26 Iron Casting
38:57 Heavy Plow
50:05 Blast Furnace
你朋友
13:25 Feudal Age
12:27 Loom
17:51 Castle Age
16:21 Double-Bit Axe
17:47 Gold Mining
25:30 Bow Saw
25:37 Fishing Lines
29:02 Horse Collar
30:28 Fletching
31:41 Town Watch
32:31 Wheelbarrow
32:19 Bodkin Arrow
33:36 Padded Archer Armor
38:13 Imperial Age
36:21 Leather Archer Armor
35:39 Elite Skirmisher
42:46 Ring Archer Armor
42:16 Bracer
43:17 Pikeman
43:57 Squires
43:58 Scale Mail Armor
44:08 Forging
53:25 Town Patrol
93老玩家回归
10:29 Loom
14:45 Feudal Age
19:27 Castle Age
17:48 Double-Bit Axe
20:40 Bow Saw
28:51 Wheelbarrow
28:01 Town Watch
29:19 Fishing Lines
34:12 Imperial Age
32:26 Ballistics
32:16 Fletching
32:29 Padded Archer Armor
33:10 Bodkin Arrow
33:58 Treadmill Crane
34:55 Thumb Ring
35:44 Gold Mining
36:21 Hand Cart
36:36 Bracer
41:27 Conscription
40:27 Elite Genoese Crossbowman
42:37 Chemistry
41:41 Squires
44:10 Stone Mining
44:40 Leather Archer Armor
45:51 Bombard Tower
45:42 Masonry
46:18 Scale Mail Armor
46:28 Forging
46:49 Ring Archer Armor
46:42 Arson
小花花
6:13 Loom
14:58 Feudal Age
19:40 Castle Age
20:53 Squires
20:40 Arson
35:55 Fletching
38:47 Bodkin Arrow
45:01 Stone Mining
45:03 Gold Mining
45:21 Double-Bit Axe
45:22 Horse Collar
48:06 Bow Saw
55:42 Fortified Wall
Fireworks
5:26 Loom
12:12 Feudal Age
12:33 Man-at-Arms
13:17 Long Swordsman
14:22 Arson
21:48 Castle Age
20:28 Scale Mail Armor
20:37 Double-Bit Axe
38:32 Wheelbarrow
39:01 Horse Collar
畅销猪
11:12 Loom
13:14 Feudal Age
17:41 Castle Age
15:59 Double-Bit Axe
17:05 Scale Barding Armor
18:48 Chain Barding Armor
22:50 Wheelbarrow
29:57 Husbandry
30:41 Gold Mining
33:16 Forging
33:56 Bow Saw
38:03 Imperial Age
35:48 Gold Mining
36:34 Iron Casting
37:18 Hand Cart
36:50 Town Watch
38:06 Cavalier
39:31 Plate Barding Armor
40:31 Blast Furnace
40:11 Conscription
40:29 Gold Shaft Mining
40:28 Paladin
41:58 Chivalry
44:14 Stone Mining
50:22 Town Patrol
Connection lost

Rejoining the realm…

Still unreachable

The connection could not be restored.

Session expired

The server has moved on; the page needs a fresh start.